 Dungeon Sprint DCSS version 0.28.0-43-g3370ac3207 (webtiles) character file.

Game seed: 12546436172024085220

27126 boopmooplesden the Minotaur Blade (level 13, -25/143 HPs)
             Began as a Minotaur Berserker on Mar 29, 2022.
             Was the Champion of Trog.
             Killed from afar by Lom Lobon (26 damage)
             ... with a great icy blast
             ... in the Dungeon (Sprint I: "Red Sonja").
             The game lasted 00:15:09 (5804 turns).

boopmooplesden the Minotaur Blade (MiBe)            Turns: 5804, Time: 00:15:10

Health: -25/143    AC: 38    Str: 21      XL:     13   Next: 2%
Magic:  12/12      EV: 12    Int:  3 (4)  God:    Trog [******]
Gold:   1299       SH:  5    Dex: 16      Spells: 12/12 levels left

rFire   + . .      SeeInvis .   B - +0 triple sword (flame)
rCold   + . .      Faith    .   (shield currently unavailable)
rNeg    . . .      Spirit   .   D - +15 Maxwell's patent armour {-Cast -Tele rElec Will+ rCorr}
rPois   +          Reflect  +   (helmet unavailable)
rElec   +          Harm     .   G - +0 cloak
rCorr   +          Rampage  .   p - +0 pair of gloves of Lehybbe {Slay+2}
Will    +....      NoTele   +   s - +1 pair of boots {Stlth+}
Stlth   .......... NoCast   +   F - amulet of reflection
HPRegen 0.00/turn               w - ring of the Present {Drain rElec rC+ AC+4 Dex+2}
MPRegen 0.13/turn               E - ring of Due Proportion {rElec rPois rF+}

@: frozen, inhibited regen, unable to read, very slow
A: horns 3, retaliatory headbutt, deformed body, deterioration 1, screaming 1,
inhibited regeneration, weak 1, no potion heal 1, inability to read while
threatened
a: Renounce Religion, Berserk, Trog's Hand, Brothers in Arms


You were in the Dungeon.
You worshipped Trog.
Trog was exalted by your worship.
You visited 1 branch You collected 4812 gold pieces.
You spent 3513 gold pieces at shops.

Inventory:

Hand Weapons
 a - a +0 falchion
 m - a +0 great sword
 r - a +3 scimitar of flaming
 x - a +3 double sword of flaming
 y - a +3 triple sword
 B - a +0 triple sword of flaming (weapon)
 L - the +7 great sword "Orryokhloygo" {vorpal, SInv}
   (Trog gifted it to you in the Dungeon)

   It inflicts extra damage upon your enemies.
   SInv:      It lets you see invisible.
Missiles
 l - 3 boomerangs (quivered)
 I - 2 javelins
Armour
 b - a +0 animal skin
 j - a +0 leather armour
 k - a +1 hat
 o - +0 gold dragon scales
 p - the +0 pair of gloves of Lehybbe (worn) {Slay+2}
   (You acquired it in the Dungeon)

   Slay:      It affects your accuracy & damage with ranged weapons and melee
   (+2).
 q - a +1 chain mail of fire resistance
 s - a +1 pair of boots of stealth (worn)
 v - a +2 pair of gloves of dexterity
 D - the +15 Maxwell's patent armour (worn) {-Cast -Tele rElec Will+ rCorr}
   (You bought it in a shop in the Dungeon)

   rElec:     It insulates you from electricity.
   -Cast:     It prevents spellcasting.
   -Tele:     It prevents most forms of teleportation.
   rCorr:     It protects you from acid and corrosion.
   Will:      It increases your willpower.
 G - a +0 cloak (worn)
Jewellery
 w - the ring of the Present (left hand) {Drain rElec rC+ AC+4 Dex+2}
   (You bought it in a shop in the Dungeon)

   [ring of protection]

   AC:        It affects your AC (+4).
   Dex:       It affects your dexterity (+2).
   rC:        It protects you from cold.
   rElec:     It insulates you from electricity.
   Drain:     It drains your maximum health when unequipped.
 E - the ring of Due Proportion (right hand) {rElec rPois rF+}
   (You bought it in a shop in the Dungeon)

   [ring of poison resistance]

   rF:        It protects you from fire.
   rElec:     It insulates you from electricity.
   rPois:     It protects you from poison.
 F - an amulet of reflection (around neck)
Wands
 i - a wand of flame (9)
 C - a wand of iceblast (6)
 J - a wand of paralysis (9)
Scrolls
 h - 2 scrolls of blinking
 n - a scroll of torment {unknown}
 A - 2 scrolls of holy word
 K - a scroll of identify
Potions
 c - 3 potions of curing
 d - a potion of heal wounds
 e - a potion of haste
 f - 2 potions of magic
 g - a potion of berserk rage
 t - a potion of resistance
 z - a potion of ambrosia
 H - a potion of lignification
Miscellaneous
 u - a lightning rod (4/4)


   Skills:
 + Level 21.2 Fighting
 + Level 26.0 Long Blades
 + Level 17.7 Armour
 + Level 11.6 Dodging
 + Level 3.2 Stealth
 + Level 4.7 Shields
 + Level 5.0 Evocations


You had 12 spell levels left.
You didn't know any spells.
Your spell library was empty.

Dungeon Overview and Level Annotations

Branches:
Dungeon (1/1)

Altars:
Cheibriados
Dithmenos
Elyvilon
Fedhas
Gozag
Hepliaklqana
Kikubaaqudgha
Makhleb
Nemelex Xobeh
Okawaru
Qazlal
Ru
Sif Muna
Trog
Uskayaw
Vehumet
Wu Jian
Xom
Yredelemnul
Zin
The Shining One
Jiyva
Lugonu

Shops:
D [(?*[[[=!(=?:==*(=*[[[

Annotations:
D Lom Lobon, Tiamat


Innate Abilities, Weirdness & Mutations

You have a pair of large horns on your head.
You reflexively headbutt those who attack you in melee.
Armour fits poorly on your strangely shaped body.
Your body sometimes deteriorates upon taking damage.
You occasionally shout uncontrollably at your foes.
You do not regenerate when monsters are visible.
You are weak. (Str -2)
Potions are less effective at restoring your health.
You sometimes lose the ability to read scrolls when taking damage.


Message History

The blast of lightning engulfs you! You resist.
The blast of lightning engulfs the ball lightning.
The ball lightning completely resists.
The blast of lightning engulfs Lom Lobon.
Lom Lobon completely resists.
The deep elf master archer shoots an arrow.
You reflect the arrow off an invisible shield around you!
The arrow hits the deep elf master archer!!
Lom Lobon gestures at you.
Lom Lobon conjures a mighty blast of ice!
The great icy blast engulfs you!! You partially resist.
You feel threatened and lose the ability to read scrolls!
* * * LOW HITPOINT WARNING * * *
You are encased in ice.
The deep elf master archer shoots an arrow.
You reflect the arrow off an invisible shield around you!
The arrow hits the deep elf master archer!!!
You kill the deep elf master archer!
Trog accepts your kill.
You hear a splash. x5
You feel your intelligence returning.
Your Long Blades skill increases to level 26!
Your Evocations skill increases to level 5!
You have reached level 13!
There is an open door here.
You cannot read scrolls in your current state!
Unknown command.
You enter the shallow water.
Moving in this stuff is going to be slow.
You are engulfed in freezing vapours.
You resist.
* * * LOW HITPOINT WARNING * * *
Your body deteriorates!
You feel dopey.
The ball lightning explodes!
The blast of lightning engulfs Lom Lobon.
Lom Lobon completely resists.
The blast of lightning engulfs you! You resist.
* * * LOW HITPOINT WARNING * * *
Lom Lobon gestures at you.
Lom Lobon conjures a mighty blast of ice!
The great icy blast engulfs you!! You partially resist.
You die...

.#.###.#.≈..#....§§§.....#
...○.#.###..#.....).§....#
.○○..#.#.'..##..........##
..####'#^##'##..........#
###.)))#.#≈≈≈##........##
#..)#### #≈≈≈≈##.)):((##
..### #≈≈≈≈§######## ###
####≈≈§§#§§§≈≈#°.○
#..#'&§§§@§§≈≈°○°°
#...##§§#§§§≈≈#☼○°
#....######'### #....# ≈≈≈
###### ≈≈≈≈≈ ≈≈≈)≈≈ ...$≈≈
######


You could see Lom Lobon.

Vanquished Creatures
  the Lernaean hydra (D)
  A golden dragon (D)
  A deep elf master archer (D)
  A shadow dragon (D)
  3 fire giants (D)
  A deep elf annihilator (D)
  A lorocyproca (D)
  A mummy priest (D)
  A hydra (D)
  2 centaur warriors (D)
  Sonja (D)
  A deep troll (D)
  A lindwurm (D)
  2 oklob plants (D)
  8 shining eyes (D)
  2 merfolk sirens (D)
  2 gargoyles (D)
  7 unseen horrors (D)
  4 demonic crawlers (D)
  2 kobold demonologists (D)
  A hellwing (D)
  2 hornets (D)
  A slime creature (D)
  Sigmund (D)
  A yak (D)
  13 hogs (D)
  2 redbacks (D)
  7 floating eyes (D)
  An ogre (D)
  7 necrophages (D)
  8 jellies (D)
  Ijyb (D)
88 creatures vanquished.

Vanquished Creatures (others)
  A fire giant (D)
  3 hornets (D)
  3 ball lightnings (D)
  2 ballistomycete spores (D)
9 creatures vanquished.

Grand Total: 97 creatures vanquished

Notes
Turn   | Place    | Note
-------+----------+-------------------------------------------
     0 | D        | boopmooplesden the Minotaur Berserker began the quest for
                  | the Orb.
     0 | D        | Reached XP level 1. HP: 19/19 MP: 0/0
     3 | D        | Noticed Ijyb
     8 | D        | Killed Ijyb
     9 | D        | Reached skill level 5 in Fighting
     9 | D        | Reached skill level 5 in Long Blades
     9 | D        | Reached XP level 2. HP: 22/29 MP: 1/1
   193 | D        | Noticed an ogre
   195 | D        | Killed an ogre
   196 | D        | Reached skill level 8 in Long Blades
   196 | D        | Reached XP level 3. HP: 40/40 MP: 2/2
   196 | D        | Reached XP level 4. HP: 48/48 MP: 3/3
   338 | D        | Noticed Sigmund
   354 | D        | Killed Sigmund
   354 | D        | Reached ** piety under Trog
   355 | D        | Reached skill level 10 in Long Blades
   355 | D        | Reached skill level 5 in Armour
   355 | D        | Reached skill level 5 in Dodging
   355 | D        | Reached XP level 5. HP: 12/58 MP: 4/4
   355 | D        | Reached XP level 6. HP: 14/66 MP: 5/5
   593 | D        | Found an ornate altar of the Wu Jian Council.
   593 | D        | Found a shimmering blue altar of Sif Muna.
   595 | D        | Found a radiant altar of Vehumet.
   600 | D        | Reached skill level 10 in Fighting
   634 | D        | Found Zoamiqao's General Store.
   634 | D        | Found an ancient bone altar of Kikubaaqudgha.
   634 | D        | Found a hazy altar of Hepliaklqana.
   634 | D        | Found a stormy altar of Qazlal.
   634 | D        | Found a hide-covered altar of Uskayaw.
   634 | D        | Found a blossoming altar of Fedhas.
   634 | D        | Found a bloodstained altar of Trog.
   634 | D        | Found an iron altar of Okawaru.
   634 | D        | Found a basalt altar of Yredelemnul.
   634 | D        | Found a glowing golden altar of the Shining One.
   634 | D        | Found a snail-covered altar of Cheibriados.
   634 | D        | Found a sacrificial altar of Ru.
   634 | D        | Found a glowing silver altar of Zin.
   634 | D        | Found a shadowy altar of Dithmenos.
   634 | D        | Found a white marble altar of Elyvilon.
   634 | D        | Noticed a yak
   642 | D        | Killed a yak
   643 | D        | Reached skill level 11 in Long Blades
   643 | D        | Found an opulent altar of Gozag.
   644 | D        | Found a sparkling altar of Nemelex Xobeh.
   648 | D        | Bought a +0 great sword for 91 gold pieces
   821 | D        | Found a viscous altar of Jiyva.
   821 | D        | Found a corrupted altar of Lugonu.
   821 | D        | Noticed a slime creature
   822 | D        | Found a burning altar of Makhleb.
   822 | D        | Found a shimmering altar of Xom.
   830 | D        | Killed a slime creature
   831 | D        | Reached skill level 12 in Long Blades
   831 | D        | Reached XP level 7. HP: 32/74 MP: 6/6
  1022 | D        | Noticed a kobold demonologist
  1024 | D        | Noticed a kobold demonologist
  1026 | D        | Noticed a sixfirhy
  1027 | D        | Killed a kobold demonologist
  1027 | D        | Reached *** piety under Trog
  1028 | D        | Reached skill level 13 in Long Blades
  1029 | D        | Reached skill level 14 in Long Blades
  1029 | D        | Reached skill level 1 in Evocations
  1029 | D        | Reached XP level 8. HP: 85/85 MP: 7/7
  1031 | D        | Killed a kobold demonologist
  1031 | D        | Reached **** piety under Trog
  1032 | D        | Reached skill level 1 in Stealth
  1052 | D        | Noticed a centaur warrior
  1052 | D        | Noticed a centaur warrior
  1061 | D        | Killed a centaur warrior
  1062 | D        | Reached skill level 16 in Long Blades
  1066 | D        | Killed a centaur warrior
  1067 | D        | Reached skill level 17 in Long Blades
  1067 | D        | Reached XP level 9. HP: 62/95 MP: 8/8
  1283 | D        | Noticed a deep troll
  1288 | D        | Killed a deep troll
  1289 | D        | Reached skill level 18 in Long Blades
  1300 | D        | Found Nebonohe's Armour Emporium.
  1307 | D        | Bought a +1 chain mail of fire resistance for 231 gold
                  | pieces
  1607 | D        | Noticed an oklob plant
  1612 | D        | Killed an oklob plant
  1612 | D        | Reached ***** piety under Trog
  1794 | D        | Killed an unseen horror
  1795 | D        | Reached skill level 15 in Fighting
  1795 | D        | Reached skill level 19 in Long Blades
  1795 | D        | Reached XP level 10. HP: 79/105 MP: 9/9
  1795 | D        | Received a gift from Trog
  1819 | D        | Reached skill level 10 in Armour
  2008 | D        | Received a gift from Trog
  2009 | D        | Reached skill level 10 in Dodging
  2013 | D        | Reached ****** piety under Trog
  2018 | D        | Reached skill level 20 in Long Blades
  2045 | D        | Found Runeozept's Jewellery Shoppe.
  2045 | D        | Found Tutiq's Antique Armour Shop.
  2045 | D        | Found Awnicih's Distillery.
  2047 | D        | Found Doytradwo's Antique Weapon Emporium.
  2047 | D        | Found Weagrets's Jewellery Shop.
  2047 | D        | Found Xaliv's Magic Scroll Shoppe.
  2047 | D        | Found Ciargh's Book Boutique.
  2047 | D        | Found Vuruaje's Jewellery Emporium.
  2047 | D        | Found Gyleoc's Jewellery Shop.
  2047 | D        | Found Nothrul's General Store.
  2049 | D        | Bought a pair of glowing gloves for 127 gold pieces
  2056 | D        | Found Fupaunuh's Weapon Boutique.
  2057 | D        | Found Elumof's General Store.
  2057 | D        | Found Fenar's Jewellery Boutique.
  2058 | D        | Bought the ring of the Present {Drain rElec rC+ AC+4 Dex+2}
                  | for 722 gold pieces
  2059 | D        | Found Luchy's Armour Emporium.
  2101 | D        | Noticed Sonja
  2104 | D        | Killed Sonja
  2104 | D        | Received a gift from Trog
  2166 | D        | Found Inyikoy's Armour Boutique.
  2289 | D        | Noticed a shining eye
  2289 | D        | Noticed a shining eye
  2289 | D        | Noticed a shining eye
  2291 | D        | Paralysed by a floating eye for 4 turns
  2300 | D        | Gained mutation: You have a pair of large horns on your
                  | head. [a shining eye]
  2303 | D        | Killed a shining eye
  2304 | D        | Gained mutation: You are weak. (Str -2) [a shining eye]
  2304 | D        | Noticed a shining eye
  2306 | D        | Killed a shining eye
  2306 | D        | Noticed a shining eye
  2307 | D        | Reached skill level 21 in Long Blades
  2307 | D        | Gained mutation: Potions are less effective at restoring
                  | your health. [a shining eye]
  2308 | D        | Killed a shining eye
  2308 | D        | Gained mutation: Armour fits poorly on your strangely
                  | shaped body. [a shining eye]
  2313 | D        | Gained mutation: Your body sometimes deteriorates upon
                  | taking damage. [a shining eye]
  2314 | D        | Killed a shining eye
  2314 | D        | Received a gift from Trog
  2315 | D        | Killed a shining eye
  2316 | D        | Reached XP level 11. HP: 116/116 MP: 10/10
  2316 | D        | Noticed a shining eye
  2317 | D        | Noticed a shining eye
  2317 | D        | Noticed a shining eye
  2321 | D        | Gained mutation: You occasionally shout uncontrollably at
                  | your foes. [a shining eye]
  2322 | D        | Killed a shining eye
  2324 | D        | Gained mutation: You are robust. (+10% HP) [a shining eye]
  2326 | D        | Gained mutation: You sometimes lose the ability to read
                  | scrolls when taking damage. [a shining eye]
  2327 | D        | Killed a shining eye
  2329 | D        | Paralysed by a floating eye for 2 turns
  2329 | D        | Gained mutation: You do not regenerate when monsters are
                  | visible. [a shining eye]
  2330 | D        | Lost mutation: You are robust. (+10% HP) [a shining eye]
  2331 | D        | Killed a shining eye
  2332 | D        | Reached skill level 22 in Long Blades
  2351 | D        | Found Ked Umol's Armour Shop.
  2351 | D        | Found Geeng's Antique Weapon Shoppe.
  2351 | D        | Found Ehegi's Antique Armour Boutique.
  2351 | D        | Found Filiwau's Magic Scroll Emporium.
  2417 | D        | Received a gift from Trog
  2620 | D        | Noticed a lindwurm
  2624 | D        | Killed a lindwurm
  2633 | D        | Reached skill level 23 in Long Blades
  2635 | D        | Received a gift from Trog
  2656 | D        | Received a gift from Trog
  2798 | D        | Noticed a 12-headed hydra
  2801 | D        | Killed a nine-headed hydra
  2944 | D        | Killed a lorocyproca
  2944 | D        | Received a gift from Trog
  2945 | D        | Reached skill level 24 in Long Blades
  3554 | D        | Bought the +15 Maxwell's patent armour {-Cast -Tele rElec
                  | Will+ rCorr} for 1074 gold pieces
  3554 | D        | Found the +15 Maxwell's patent armour {-Cast -Tele rElec
                  | Will+ rCorr}
  3614 | D        | Bought the ring of Due Proportion {rElec rPois rF+} for 410
                  | gold pieces
  3623 | D        | Bought an amulet of reflection for 300 gold pieces
  3691 | D        | Noticed a daeva
  3710 | D        | Reached XP level 12. HP: 68/130 MP: 11/11
  3956 | D        | Noticed a fire giant
  3959 | D        | Noticed a fire giant
  3962 | D        | Noticed a fire giant
  3963 | D        | Noticed a fire giant
  3965 | D        | Killed a fire giant
  3965 | D        | Received a gift from Trog
  3977 | D        | Killed a fire giant
  3980 | D        | Killed a fire giant
  3981 | D        | Reached skill level 1 in Shields
  3985 | D        | HP: 2/132 [fire giant/fireball (9)]
  3985 | D        | Killed a fire giant
  4579 | D        | Found the +4 dragonskin cloak
  4579 | D        | Noticed Tiamat
  4972 | D        | Noticed a deep elf annihilator
  4983 | D        | Received a gift from Trog
  4989 | D        | Reached skill level 25 in Long Blades
  4989 | D        | Reached skill level 15 in Armour
  5038 | D        | Noticed a shadow dragon
  5038 | D        | Noticed a golden dragon
  5052 | D        | Killed a shadow dragon
  5093 | D        | Killed a golden dragon
  5093 | D        | Received a gift from Trog
  5102 | D        | Found Agale's Antique Armour Shoppe.
  5182 | D        | Identified a scroll of acquirement
  5182 | D        | Acquired the +0 pair of gloves of Lehybbe {Slay+2}
  5266 | D        | Bought a scroll of enchant armour for 75 gold pieces
  5266 | D        | Bought a scroll of holy word for 75 gold pieces
  5266 | D        | Bought a scroll of holy word for 75 gold pieces
  5305 | D        | Bought a +1 pair of boots of stealth for 231 gold pieces
  5310 | D        | Bought a +0 cloak for 63 gold pieces
  5349 | D        | Bought a potion of flight for 39 gold pieces
  5420 | D        | Noticed a mummy priest
  5422 | D        | Killed a deep elf annihilator
  5437 | D        | Killed a mummy priest
  5727 | D        | Identified the +7 great sword "Orryokhloygo" {vorpal, SInv}
                  | (Trog gifted it to you in the Dungeon)
  5727 | D        | Received a gift from Trog
  5740 | D        | Noticed the 27-headed Lernaean hydra
  5748 | D        | Killed the 23-headed Lernaean hydra
  5798 | D        | Noticed Lom Lobon
  5799 | D        | Noticed a deep elf master archer
  5803 | D        | Killed a deep elf master archer
  5804 | D        | Reached skill level 26 in Long Blades
  5804 | D        | Reached skill level 5 in Evocations
  5804 | D        | Reached XP level 13. HP: 29/143 MP: 12/12
  5804 | D        | HP: 1/143 [spore (12)]
  5804 | D        | Killed from afar by Lom Lobon

Illustrated notes

Levels and vault maps discovered:
D:        dungeon_sprint_1 [red_sonja_temple_1, red_sonja_temple_small_1]

Skill      XL: |  1  2  3  4  5  6  7  8  9 10 11 12 |
---------------+-------------------------------------+-----
Fighting       | 5 7 9 11 12 14 15 16 19 21 | 21.2
Long Blades    | 5 8 10 12 14 17 19 21 24 26 | 26.0
Armour         | 3 4 5 7 8 9 11 13 17 | 17.7
Dodging        | 3 5 6 8 9 10 11 | 11.6
Evocations     | 1 5 |  5.0
Stealth        | 1 2 3 |  3.2
Shields        | 4 |  4.7

Action                   |  1- 3 |  4- 6 |  7- 9 | 10-12 | 13-15 || total
-------------------------+-------+-------+-------+-------+-------++-------
Melee: Falchion          |     5 |    14 |       |       |       ||    19
       Headbutt          |     1 |     2 |     8 |    41 |       ||    52
       Great sword       |       |     5 |    38 |    81 |       ||   124
       Punch             |       |     1 |       |     2 |       ||     3
       Double sword      |       |       |       |    51 |       ||    51
       Triple sword      |       |       |       |    59 |       ||    59
Invok: Berserk           |     2 |     1 |     4 |     9 |       ||    16
Evoke: Wand              |       |     2 |       |     5 |       ||     7
       Lightning rod     |       |       |       |     4 |       ||     4
  Use: Scroll            |       |       |       |     9 |       ||     9
       Potion            |       |       |       |     1 |       ||     1
Armor: Leather armour    |       |     4 |    11 |       |       ||    15
       Chain mail        |       |       |     8 |    33 |       ||    41
       Plate armour      |       |       |       |    55 |       ||    55
Dodge: Dodged            |     1 |     6 |    23 |    98 |       ||   128
Block: Other             |       |       |       |    18 |       ||    18
       Reflection        |       |       |       |     4 |       ||     4
